Map: Pillars of Gold LE

Players

Darkness

  • Race: Protoss Protoss
  • League: Master
  • Spawn Location: 7:00

JimRising - Winner!

  • Race: Zerg Zerg
  • League: Master
  • Spawn Location: 1:00

Event: DreamHack SC2 Masters 2020 Winter

VOD

Have the link to the VOD?

Description

Time

  • Played on: Oct. 14, 2020, 7:33 p.m.
  • Length: 12:15

All games in this series

Show
View Real Time Build Order
Export as new Build Order

Darkness Protoss 

Build Orders: 1 Gate Expand, Oracle Opening, Phoenix Opening 

Get SALT Encoding   

  12  0:00  Probe  
  13  0:12  Probe  
  14  0:20  Pylon  
  14  0:24  Probe  
  15  0:39  Probe (Chrono Boost)  
  15  0:40  Gateway  
  16  0:47  Probe (Chrono Boost)  
  16  0:49  Assimilator  
  17  0:53  Probe  
  18  1:05  Probe  
  19  1:17  Probe  
  20  1:26  Nexus  
  20  1:37  Cybernetics Core  
  20  1:40  Probe  
  21  1:48  Assimilator  
  21  1:53  Probe  
  22  1:56  Pylon  
  22  2:05  Probe (Chrono Boost)  
  23  2:12  Adept (Chrono Boost)  
  25  2:17  Probe (Chrono Boost)  
  26  2:23  Stargate  
  26  2:25  Probe (Chrono Boost)  
  26  2:28  Warp Gate  
  27  2:31  Probe  
  28  2:38  Adept  
  28  2:41  Probe (Chrono Boost)  
  32  2:46  Probe (Chrono Boost)  
  32  2:54  Probe (Chrono Boost)  
  34  3:00  Gateway, Probe x2 (Chrono Boost)  
  35  3:08  Probe  
  35  3:11  Phoenix (Chrono Boost)  
  38  3:13  Probe  
  39  3:20  Probe  
  39  3:25  Pylon, Probe  
  41  3:28  Oracle (Chrono Boost)  
  41  3:32  Probe  
  45  3:37  Probe  
  46  3:42  Adept  
  46  3:44  Probe  
  46  3:46  Pylon  
  49  3:49  Probe  
  50  3:55  Oracle (Chrono Boost)  
  50  3:56  Probe  
  54  4:04  Probe  
  55  4:11  Nexus, Probe  
  55  4:15  Pylon  
  55  4:17  Probe (Chrono Boost)  
  57  4:23  Assimilator  
  58  4:24  Assimilator  
  58  4:27  Probe (Chrono Boost)  
  58  4:29  Probe (Chrono Boost)  
  59  4:36  Adept  
  61  4:39  Shield Battery  
  61  4:40  Adept, Probe (Chrono Boost)  
  61  4:42  Probe (Chrono Boost)  
  63  4:50  Twilight Council, Probe  
  63  4:51  Forge  
  64  4:53  Probe  
  65  5:03  Probe (Chrono Boost)  
  67  5:10  Probe (Chrono Boost)  
  68  5:15  Protoss Ground Weapons Level 1 (Chrono Boost), Probe (Chrono Boost)  
  68  5:16  Gateway  
  68  5:19  Gateway, Robotics Facility  
  68  5:20  Gateway x2  
  68  5:21  Probe (Chrono Boost)  
  68  5:23  Probe (Chrono Boost)  
  68  5:24  Probe  
  71  5:30  Probe  
  71  5:31  Sentry x2  
  71  5:33  Blink (Chrono Boost)  
  76  5:37  Probe  
  76  5:41  Probe  
  78  5:43  Probe  
  78  5:49  Probe  
  77  5:53  Probe  
  77  5:55  Probe  
  79  6:04  Gateway  
  79  6:05  Assimilator  
  79  6:07  Assimilator, Observer  
  79  6:10  Robotics Bay  
  79  6:11  Stalker x2  
  84  6:16  Pylon x2  
  84  6:18  Pylon  
  84  6:36  Probe x2  
  86  6:43  Probe  
  86  6:44  Photon Cannon  
  86  6:46  Stalker x6  
  100  6:48  Probe x2  
  100  6:50  Warp Prism (Chrono Boost), Pylon  
  100  6:51  Pylon  
  103  6:57  Probe  
  104  7:01  Protoss Ground Weapons Level 2  
  104  7:03  Stalker  
  106  7:09  Stalker x4  
  106  7:10  Stalker  
  106  7:11  Probe  
  106  7:14  Probe  
  106  7:15  Probe  
  116  7:23  Colossus (Chrono Boost)  
  116  7:28  Extended Thermal Lance  
  122  7:39  Pylon x2  
  122  7:41  Pylon  
  122  7:54  Stalker  
  120  8:02  Charge (Chrono Boost)  
  118  8:06  Zealot x6  
  118  8:11  Colossus  
  118  8:12  Photon Cannon  
  136  8:17  Dark Shrine  
  136  8:18  Photon Cannon  
  136  8:21  Shield Battery  
  136  8:24  Stalker  
  138  8:42  Probe x3  
  138  8:44  Nexus  
  138  8:46  Pylon  
  129  8:56  Probe x2  
  131  9:04  Colossus  
  131  9:05  Phoenix (Chrono Boost)  
  131  9:09  Probe x3  
  142  9:15  Stalker, Nexus  
  142  9:16  Stalker x6  
  156  9:17  Photon Cannon  
  156  9:19  Photon Cannon  
  156  9:22  Photon Cannon  
  154  9:27  Phoenix  
  156  9:36  Pylon  
  153  9:43  Pylon, Protoss Ground Armor Level 1 (Chrono Boost)  
  153  9:47  Pylon x3  
  153  10:02  Dark Templar x2  
  153  10:03  Dark Templar x3  
  161  10:08  Photon Cannon  
  161  10:11  Photon Cannon  
  158  10:17  Pylon, Dark Shrine  
  158  10:19  Pylon  
  158  10:20  Stalker x2  
  155  10:28  Probe x2  
  147  10:35  Stalker x3  
  146  10:41  Stalker x2  
  143  10:45  Stalker x2  
  143  10:46  Phoenix  
  127  10:59  Stalker x3  
  127  11:00  Probe x2  
  131  11:06  Probe  
  95  11:11  Phoenix  
  132  11:12  Probe x2  
  132  11:13  Dark Shrine  
  136  11:18  Probe  
  136  11:24  Probe x2  
  138  11:25  Assimilator  
  138  11:28  Assimilator  
  138  11:29  Stalker x6  
  138  11:30  Probe  
  151  11:36  Stalker, Phoenix, Probe x2  
  155  11:43  Probe  
  123  11:53  Stalker x6  
  112  12:02  Stalker  
Show
View Real Time Build Order
Export as new Build Order

JimRising Zerg - Winner!

Build Orders: Hatch First 

Get SALT Encoding   

  12  0:00  Drone  
  13  0:13  Overlord  
  13  0:18  Drone  
  14  0:31  Drone x2  
  16  0:50  Hatchery  
  16  0:55  Drone  
  17  0:57  Drone  
  17  1:01  Drone  
  18  1:05  Extractor  
  17  1:18  Spawning Pool  
  16  1:21  Drone  
  16  1:24  Drone  
  18  1:31  Drone  
  19  1:39  Drone  
  20  1:53  Drone  
  21  2:00  Overlord  
  21  2:04  Drone, Queen  
  24  2:09  Metabolic Boost  
  24  2:13  Queen  
  26  2:17  Zergling x2  
  26  2:19  Zergling x2  
  28  2:23  Drone  
  28  2:26  Drone  
  30  2:32  Drone  
  30  2:35  Drone  
  32  2:52  Drone x2  
  32  2:53  Hatchery  
  33  2:59  Overlord  
  33  3:00  Drone  
  33  3:05  Overlord  
  34  3:09  Drone  
  35  3:15  Drone  
  35  3:18  Drone x2  
  35  3:19  Drone x2  
  40  3:20  Drone  
  40  3:21  Drone  
  40  3:22  Drone  
  43  3:27  Queen  
  43  3:34  Queen  
  47  3:42  Drone  
  47  3:43  Spore Crawler  
  47  3:44  Spore Crawler  
  46  3:49  Zergling x4  
  46  3:50  Spore Crawler, Zergling x2  
  46  3:54  Overlord  
  48  3:58  Overlord  
  48  4:17  Drone  
  48  4:18  Drone x7  
  56  4:25  Drone  
  56  4:27  Drone  
  56  4:28  Lair  
  56  4:29  Evolution Chamber, Drone x4  
  61  4:31  Drone  
  61  4:38  Queen  
  61  4:44  Zergling x10  
  66  4:54  Zerg Melee Weapons Level 1  
  66  4:57  Roach Warren  
  66  4:58  Drone  
  66  5:03  Drone  
  66  5:09  Overlord x2  
  66  5:11  Extractor  
  66  5:12  Queen  
  66  5:13  Extractor  
  66  5:14  Extractor  
  66  5:15  Extractor  
  66  5:17  Extractor  
  66  5:19  Drone x3  
  66  5:20  Overlord  
  66  5:35  Hatchery  
  65  5:36  Drone x2, Spire  
  65  5:37  Drone x5  
  65  5:41  Drone  
  65  5:42  Drone x2  
  74  5:46  Glial Reconstitution  
  73  5:57  Drone x4  
  75  5:59  Drone, Overlord  
  75  6:03  Roach  
  75  6:04  Roach x2  
  84  6:06  Roach  
  86  6:19  Overlord  
  86  6:29  Drone  
  86  6:30  Drone x3  
  90  6:38  Drone  
  91  6:44  Overlord x2  
  91  6:45  Overlord  
  91  6:57  Mutalisk  
  91  6:58  Mutalisk x9  
  109  7:01  Zergling x6  
  109  7:02  Zergling x4, Overseer  
  113  7:12  Mutalisk  
  113  7:16  Mutalisk  
  113  7:18  Zergling x16  
  113  7:19  Zergling x8  
  127  7:26  Drone x2, Extractor  
  127  7:27  Drone, Overlord x2  
  129  7:37  Zergling x10  
  129  7:38  Zergling x2  
  129  7:40  Zerg Melee Weapons Level 2  
  129  7:41  Overlord  
  135  7:46  Zergling x4  
  135  7:47  Zergling x2  
  135  7:48  Baneling Nest  
  135  7:49  Drone  
  138  7:56  Mutalisk x2  
  138  7:57  Mutalisk x2  
  142  8:00  Drone  
  142  8:02  Drone x2  
  142  8:03  Drone  
  145  8:11  Drone  
  146  8:14  Roach x2, Overlord x2  
  150  8:20  Spine Crawler  
  150  8:23  Mutalisk x2  
  147  8:29  Mutalisk x2  
  147  8:31  Mutalisk  
  141  8:35  Mutalisk  
  141  8:37  Extractor  
  141  8:38  Mutalisk  
  141  8:39  Mutalisk  
  144  8:45  Mutalisk  
  144  8:46  Roach x2  
  147  8:52  Mutalisk  
  147  8:54  Drone x3  
  142  8:55  Drone  
  142  8:56  Drone  
  142  8:58  Zergling x8  
  146  9:05  Zergling x4  
  146  9:06  Zergling x8  
  147  9:13  Drone x2  
  147  9:14  Zergling x10  
  154  9:19  Zergling x12  
  160  9:27  Zerg Flyer Weapons Level 1  
  160  9:29  Zergling x10  
  161  9:32  Zergling x8  
  165  9:43  Mutalisk x4  
  165  9:44  Mutalisk x2  
  175  9:48  Drone  
  176  10:01  Centrifical Hooks  
  176  10:03  Baneling x3  
  176  10:04  Baneling x2  
  176  10:07  Overlord x3  
  176  10:10  Spore Crawler  
  176  10:11  Spine Crawler  
  176  10:14  Hatchery  
  169  10:28  Mutalisk x7  
  179  10:37  Mutalisk x3  
  179  10:39  Overseer  
  177  10:45  Mutalisk x3  
  173  10:59  Mutalisk x2  
  173  11:03  Mutalisk  
  169  11:05  Zergling x6  
  169  11:06  Zergling x18  
  169  11:10  Drone x4, Spine Crawler  
  184  11:12  Drone  
  184  11:15  Queen x2  
  189  11:21  Drone  
  189  11:22  Drone x3  
  189  11:25  Mutalisk  
  193  11:30  Queen  
  193  11:32  Mutalisk  
  199  11:34  Zergling x2  
  199  11:35  Extractor  
  199  11:39  Spore Crawler  
  185  11:41  Extractor  
  185  11:43  Mutalisk x4  
  153  11:52  Zergling x2  
  153  11:53  Zergling x22  
Tags
 
Add a new tag
Caveats
  • Supply blocks, unpowered buildings, or Contaminate may cause inaccurate times.
  • Supply counts are checked every 10 seconds.